cohdb
Replays
Latest Replays
All Replays
Popular Replays
Top Player Replays
Match Explorer
How It Works
Community
CoH3 Stats
Reddit
Sign in to upload your games and track your stats! →
Sign in with Steam
Match 37623219
Unlisted
Match 37623219
Overview
Messages
Build Orders
End
Kradschützen Motorcycle Team
Selects Italian Combined Arms Battlegroup
Selects Bersaglieri Squad
Bersaglieri Squad
Bersaglieri Squad
Bersaglieri Squad
Construct Light Support Kompanie
Construct Mechanized Kompanie
Selects Bersaglieri Bolster
Panzerjäger Mechanized Group
8 Rad Armored Car
2.5-tonne Medical Truck
Selects Breda Model 30 Light Machine Guns
Support Armor Elements
Pak 38 Anti-tank Gun Team
Marder III Tank Destroyer
Vehicle Survival Package
Construct Panzerarmee Kommand
Selects Semovente da 75/18 Assault Gun
Hawker Typoon
WebsterBolek
0
0
Comments
sign in to comment!
No comments posted yet!